 Dungeon Crawl Stone Soup version 0.22-a0-469-gf26638a71f (webtiles) character file.

728 Faustar the Cleaver (level 7, -12/61 HPs)
             Began as a Deep Dwarf Monk on June 12, 2018.
             Mangled by an ogre
             ... wielding a +0 giant club
              (19 damage)
             ... on level 5 of the Dungeon.
             The game lasted 00:07:36 (3645 turns).

Faustar the Cleaver (Deep Dwarf Monk)               Turns: 3645, Time: 00:07:36

Health: -12/61     AC: 12    Str: 16    XL:     7   Next: 44%
Magic:  14/14      EV:  8    Int: 15    God:
Gold:   276        SH:  0    Dex: 15    Spells: 6/6 levels left

rFire    + . .     SeeInvis .   x - +0 war axe
rCold    . . .     Gourm    .   (no shield)
rNeg     . . .     Faith    .   y - +0 chain mail
rPois    .         Spirit   .   (no helmet)
rElec    .         Reflect  .   (no cloak)
rCorr    .         Harm     .   e - +1 pair of gloves (curse)
MR       +....                  t - +0 pair of boots of Moscherr {rF+} (curse)
Stlth    ..........             (no amulet)
HPRegen  0.00/turn              k - ring of magical power
MPRegen  0.14/turn              n - +4 ring of intelligence

@: non-regenerating
A: damage resistance, heal wounds, sense surroundings 1, no regeneration
a: Heal Wounds


You were on level 5 of the Dungeon.
You were not hungry.

You visited 1 branch of the dungeon, and saw 5 of its levels.

You collected 276 gold pieces.

Inventory:

Hand Weapons
 a - a +0 hand axe
 x - a +0 war axe (weapon)
Armour
 b - a +0 robe
 e - a cursed +1 pair of gloves (worn)
 h - a +0 leather armour
 t - the cursed +0 pair of boots of Moscherr (worn) {rF+}
   (You found it on level 4 of the Dungeon)

   It protects you from fire.
   It has a curse placed upon it.
 y - a +0 chain mail (worn)
Jewellery
 k - a ring of magical power (left hand)
 n - a +4 ring of intelligence (right hand)
 v - a +5 ring of intelligence
Wands
 q - a wand of digging (5)
Scrolls
 d - 4 scrolls of teleportation
 g - 2 scrolls of amnesia
 j - 5 scrolls of identify
 l - 2 scrolls of remove curse {unknown}
 p - a scroll of magic mapping {unknown}
 r - 2 scrolls of enchant weapon {unknown}
 s - a scroll of fear {unknown}
 w - a scroll of immolation {unknown}
 A - a scroll of brand weapon {unknown}
 B - a scroll of fog
Potions
 f - a potion of agility {unknown}
 i - a potion of lignification {unknown}
 m - 4 potions of curing
 o - a potion of flight
 u - a potion of magic {unknown}
Comestibles
 c - 10 rations
 z - a chunk of flesh


   Skills:
 - Level 2.6 Fighting
 + Level 9.1 Axes
 + Level 2.8 Armour
 - Level 3.2 Dodging
 - Level 2.4 Stealth


You had 6 spell levels left.
You didn't know any spells.
Your spell library was empty.

Dungeon Overview and Level Annotations

Branches:
Dungeon (5/15)
 Temple: D:4-7

Altars:
Dithmenos
Nemelex Xobeh


Innate Abilities, Weirdness & Mutations

You are resistant to damage.
You can heal yourself by infusing magical energy.
You passively map a small area around you.
You do not regenerate.


Message History

Found a fizzy orange potion.
You see here an iguana corpse.
You butcher the iguana corpse.
z - a chunk of flesh You see here an iguana skeleton.
You feel much better.
A worker ant comes into view.
The worker ant twitches its antennae in your direction.
Evoke which item? (* to show all) (? for menu, Esc to quit)
Okay, then.
You see here an iguana skeleton.
You barely miss the ogre. The ogre hits you with a giant club!
You slash the ogre!
The ogre is moderately wounded.
The ogre hits you with a giant club!!
* * * LOW HITPOINT WARNING * * *
You slash the ogre!
The ogre is severely wounded.
The ogre hits you with a giant club!!
You die...

## #.....#......# .##
#............# ..#
####.##......# #.##
#.........### #..#####
###......(..### .......###
##...≈......######
.........####
#......#.........,,
.......#....######.....#.......
..........[.....@Oa.........##
.......####......#####..#.#..#
.......# ######..#####÷#,#*.. *
.......###### ##.......# # ,
............# #######...!....
#....(.####.. #..#..... ,
#......# * .... .... ####..###
##..# .a. * ##...# ... ,..


You could see an ogre and a worker ant.

Vanquished Creatures
  A sky beast (D:5)
  A centaur (D:5)
  A scorpion (D:5)
  A howler monkey (D:3)
  A hound (D:4)
  3 orc priests
  An iguana (D:5)
  3 worker ants
  4 orc wizards (D:4)
  5 adders
  4 worms
  3 dart slugs
  3 leopard geckos
  12 orcs
  4 giant cockroaches
  8 goblins
  5 hobgoblins
  2 jackals (D:3)
  10 kobolds
  A quokka (D:3)
  A ball python skeleton (D:4)
  8 bats
  3 frilled lizards
  A leopard gecko skeleton (D:4)
  8 rats
94 creatures vanquished.

Notes
Turn   | Place    | Note
-------+----------+-------------------------------------------
     0 | D:1      | Faustar the Deep Dwarf Monk began the quest for the Orb.
     0 | D:1      | Reached XP level 1. HP: 20/20 MP: 1/1
   234 | D:1      | Reached skill level 4 in Axes
   234 | D:1      | Reached XP level 2. HP: 21/27 MP: 2/2
  1121 | D:2      | Reached XP level 3. HP: 19/33 MP: 3/3
  1181 | D:2      | Found a shadowy altar of Dithmenos.
  1817 | D:3      | Reached skill level 5 in Axes
  1910 | D:3      | Found a sparkling altar of Nemelex Xobeh.
  2065 | D:3      | Reached XP level 4. HP: 36/40 MP: 4/4
  2358 | D:3      | Reached skill level 6 in Axes
  2358 | D:3      | Reached XP level 5. HP: 29/46 MP: 5/5
  2606 | D:4      | Reached skill level 7 in Axes
  2737 | D:4      | Reached XP level 6. HP: 36/55 MP: 6/6
  2758 | D:4      | Reached skill level 8 in Axes
  2777 | D:4      | Got a pair of warped boots
  2783 | D:4      | Identified the cursed +0 pair of boots of Moscherr {rF+} (You found it on level 4 of the Dungeon)
  3382 | D:5      | Entered Level 5 of the Dungeon
  3439 | D:5      | Reached skill level 1 in Armour
  3439 | D:5      | Reached XP level 7. HP: 26/61 MP: 6/6
  3590 | D:5      | Reached skill level 9 in Axes
  3645 | D:5      | Mangled by an ogre

Vault maps used:
D:1:      minmay_arrival_open_corners
D:2:      grunt_dithmenos_smoke
D:3:      first_ration, minmay_misc_feat_cross, st_stairs_11, hex_tiny,
          nemelex_diamond_rough_becter
D:4:      cheibrodos_quashed
D:5:      lemuel_round_altar

Skill      XL: |  1  2  3  4  5  6  7 |
---------------+----------------------+-----
Axes           | 4 5 6 7 8 9 |  9.1
Armour         | 1 2 |  2.8
Fighting       | |  2.6
Dodging        | |  3.2
Stealth        | |  2.4

Action                   |  1- 3 |  4- 6 |  7- 9 || total
-------------------------+-------+-------+-------++-------
Melee: Hand axe          |   152 |   178 |       ||   330
       War axe           |       |    27 |    49 ||    76
 Abil: Heal Wounds       |     1 |     6 |     3 ||    10
  Use: Scroll            |     6 |       |       ||     6
       Potion            |       |     1 |       ||     1
 Stab: Sleeping          |     8 |     2 |       ||    10
  Eat: Chunk             |     4 |     4 |     1 ||     9
Armor: Robe              |     4 |       |       ||     4
       Leather armour    |    29 |    39 |       ||    68
       Chain mail        |       |    13 |    25 ||    38
Dodge: Dodged            |    98 |   131 |    12 ||   241

Table legend:
 A = Spawn XP
 B = Non-spawn XP
 C = Spawn XP percentage of total XP
 D = Spawn monster count
 E = Non-spawn monster count
 F = Spawn count percentage of total count
 G = Total turns spent on level
                    A         B        C        D         E        F      G
               +---------+---------+-------+---------+---------+-------+---------
         Total |       0 |    1040 |   0.0 |       0 |      94 |   0.0 |  3645
               +---------+---------+-------+---------+---------+-------+---------
           D:1 |       0 |      35 |   0.0 |       0 |      23 |   0.0 |   835
           D:2 |       0 |      18 |   0.0 |       0 |       8 |   0.0 |   830
           D:3 |       0 |     153 |   0.0 |       0 |      32 |   0.0 |   822
           D:4 |       0 |     395 |   0.0 |       0 |      22 |   0.0 |   902
           D:5 |       0 |     439 |   0.0 |       0 |       9 |   0.0 |   256
               +---------+---------+-------+---------+---------+-------+---------
